 Dungeon Crawl Stone Soup version 0.30-b1-2-g02819fbbbe (webtiles) character file.

Game seed: 2498482929634308932

175 Alarkh the Slasher (level 5, 38/38 HPs)
             Began as a Demonspawn Warper on May 22, 2023.
             Got out of the dungeon alive.
             The game lasted 00:04:46 (1944 turns).

Alarkh the Slasher (Demonspawn Warper)              Turns: 1944, Time: 00:04:47

Health: 38/38      AC:  3    Str: 11    XL:     5   Next: 29%
Magic:  8/8        EV: 11    Int: 17    God:
Gold:   117        SH:  0    Dex: 12    Spells: 8/8 levels left

rFire   . . .        o - +0 long sword
rCold   . . .        (no shield)
rNeg    . . .        b - +0 leather armour
rPois   .            (no helmet)
rElec   .            (no cloak)
rCorr   .            (no gloves)
SInv    .            (no boots)
Will    .....        (no amulet)
Stlth   +            (no ring)
HPRegen 0.26/turn    (no ring)
MPRegen 0.11/turn

%: no passive effects
@: no status effects
A: powered by pain 1, weakness stinger 1
a: no special abilities


You escaped.
You visited 1 branch of the dungeon, and saw 4 of its levels.
You also visited: Sewer.

You collected 117 gold pieces.

Inventory:

Hand Weapons
 a - a +0 falchion
 o - a +0 long sword (weapon)
Missiles
 d - 6 boomerangs of dispersal (quivered)
Armour
 b - a +0 leather armour (worn)
Jewellery
 p - an amulet of reflection
Wands
 e - a wand of flame (9)
Scrolls
 c - a scroll of blinking
 g - a scroll of enchant armour {unknown}
 k - a scroll of teleportation {unknown}
 n - a scroll of enchant weapon {unknown}
 r - a scroll of identify
Potions
 f - 2 potions of heal wounds
 h - a potion of attraction
 l - a potion of curing


   Skills:
 - Level 2.0 Fighting
 + Level 5.1 Long Blades
 - Level 0.8 Throwing
 - Level 0.8 Armour
 - Level 1.7 Dodging
 - Level 2.0 Spellcasting
 - Level 2.6 Translocations


You had 8 spell levels left.
You didn't know any spells.
Your spell library contained the following spells:

 Spells                   Type           Power      Damage    Failure   Level
 Blink                    Tloc           20%        N/A       13%         2
 Lesser Beckoning         Tloc           20%        N/A       13%         2
 Teleport Other           Tloc           10%        N/A       26%         3
 Vhi's Electric Charge    Tloc/Air       12%        N/A       41%         3
 Manifold Assault         Tloc           10%        N/A       63%         4


Dungeon Overview and Level Annotations

Branches:
Dungeon (4/15)              Sewer (visited)
 Temple: D:4-7

Altars:

Annotations:
D:3 2 transporters


Innate Abilities, Weirdness & Mutations

You sometimes gain a little power by taking damage.
You have a small tail.


Message History

Found a stone staircase leading up.
Found a leather armour.
Found a transporter.
The shadow imp shouts, "Return whence thou came, thou baffled full-gorged flim-flammer!"
A giant cockroach comes into view.
The shadow imp shouts!
(D) Dungeon
Where to? (Enter - D:1, ? - help)
Okay, then.
The shadow imp spits at you.
You completely miss the giant cockroach.
The giant cockroach bites you but does no damage.
You barely miss the giant cockroach. The giant cockroach closely misses you.
You barely miss the giant cockroach.
The giant cockroach bites you but does no damage.
The giant cockroach barely misses you.
You completely miss the giant cockroach.
A goblin comes into view. It is wielding a +0 club.
The giant cockroach bites you but does no damage.
The shadow imp shouts, "Return whence thou came, thou churlish boil-brained bugbear!"
You closely miss the giant cockroach.
The goblin shouts!
The giant cockroach bites you but does no damage.
You slash the giant cockroach!
You kill the giant cockroach!
The orc priest shouts!
You slash the goblin!
You kill the goblin!
No reachable target in view!
(D) Dungeon
Where to? (Enter - D:1, ? - help)
There is a stone staircase leading up here.
You climb upwards.
There is a stone staircase leading down here.
You see here a potion of degeneration.
There is a stone staircase leading up here.
You climb upwards.
There is a stone staircase leading down here.
There is a staircase leading out of the dungeon here.
Are you sure you want to leave the Dungeon?
This will make you lose the game!
You have escaped!

#....# ###.♣.###
#.#########..♣♣♣..### #.#
###....♣..♣..♣...
########.###.....♣♣♣...♣♣♣..
#..........#.#.♣..♣..♣..♣..♣
#.............♣♣♣...♣♣♣...♣♣
#...........#..♣..♣..♣..♣..♣
#............#...♣♣♣...♣♣♣..
#.........#@##.♣..♣..♣..♣..♣
#.........####♣♣♣...♣♣♣...♣♣
#..........##..♣..♣..♣..♣..♣
##########.##.#..♣♣♣...♣♣♣..
#.##.###.♣..♣..♣.#.
#....####..♣♣♣..#..
##..........♣.##..#
#########.......## #########


There were no monsters in sight!

Vanquished Creatures
  Ijyb (D:3)
  5 adders
  A river rat (Sewer)
  4 worms
  2 dart slugs
  2 orcs
  8 ball pythons
  11 endoplasms
  11 giant cockroaches
  3 goblins
  6 hobgoblins
  A jackal (Sewer)
  A quokka (Sewer)
  6 bats
  4 frilled lizards
  2 kobolds
  5 rats
73 creatures vanquished.

Notes
Turn   | Place    | Note
-------+----------+-------------------------------------------
     0 | D:1      | Alarkh the Demonspawn Warper began the quest for the Orb.
     0 | D:1      | Reached XP level 1. HP: 16/16 MP: 3/3
    90 | D:1      | Reached skill level 2 in Long Blades
   168 | D:1      | Gained mutation: You sometimes gain a little power by
                  | taking damage. [demonic ancestry]
   168 | D:1      | Reached XP level 2. HP: 21/22 MP: 5/5
   385 | D:1      | Reached skill level 3 in Long Blades
   788 | D:1      | Reached XP level 3. HP: 18/27 MP: 6/6
  1078 | D:2      | You fall into a shaft and drop 2 floors!
  1102 | D:3      | Noticed Ijyb
  1112 | D:3      | Paralysed by Ijyb for 5 turns
  1122 | D:3      | Paralysed by Ijyb for 2 turns
  1134 | D:3      | Killed Ijyb
  1135 | D:3      | Reached skill level 4 in Long Blades
  1135 | D:3      | Reached XP level 4. HP: 33/33 MP: 7/7
  1152 | D:3      | Found a transporter.
  1235 | D:3      | Found a glowing drain.
  1293 | Sewer    | Entered a sewer
  1677 | Sewer    | Discovered your monstrous ancestry.
  1677 | Sewer    | Gained mutation: You have a small tail. [demonic ancestry]
  1677 | Sewer    | Reached XP level 5. HP: 35/38 MP: 8/8
  1683 | Sewer    | Reached skill level 5 in Long Blades
  1837 | D:3      | Found a transporter.
  1944 | D:$      | Got out of the dungeon alive.

Illustrated notes

Levels and vault maps discovered:
D:1:      saegor_arrival_simple_a, layout_rooms, kennysheep_doodads,
          minmay_worlds_worst_comb
D:2:      cheibrodos_greedy_goblins, layout_rooms
D:3:      gammafunk_wand_slinger, layout_basic, jmf_multi_god_temple,
          kennysheep_slug_shrine, serial_shops, shop_statue,
          portal_sewer_entry_a, uniq_ijyb
D:4:      layout_cave_pools, temple_pool_b, uniq_sigmund

Skill      XL: |  1  2  3  4  5 |
---------------+----------------+-----
Long Blades    | 2 3 4 5 |  5.1
Fighting       | |  2.0
Throwing       | |  0.8
Armour         | |  0.8
Dodging        | |  1.7
Spellcasting   | |  2.0
Translocations | |  2.6

Action                     |  1- 3 |  4- 6 || total
---------------------------+-------+-------++-------
  Melee: Falchion          |   145 |       ||   145
         Punch             |     4 |     1 ||     5
         Long sword        |    23 |   121 ||   144
         Tailslap          |       |     4 ||     4
  Throw: Boomerang         |       |     1 ||     1
  Evoke: Wand              |       |     2 ||     2
    Use: Scroll            |     3 |       ||     3
         Potion            |     3 |     5 ||     8
   Stab: Invisible         |       |     4 ||     4
 Armour: Leather armour    |    47 |    40 ||    87
         Skin              |    24 |     5 ||    29
  Dodge: Dodged            |   105 |   103 ||   208
